 Dungeon Crawl Stone Soup version 0.16.1-51-g6203257 (webtiles) character file.

135 poirepourri the Conjurer (level 4, 0/24 HPs)
             Began as a Deep Elf Conjurer on Aug 2, 2015.
             Succumbed to an orc's poison
             ... on level 3 of the Dungeon.
             The game lasted 00:04:35 (3244 turns).

poirepourri the Conjurer (Deep Elf Conjurer)        Turns: 3244, Time: 00:04:35

Health: 0/24       AC:  2    Str:  5    XL:     4   Next: 97%
Magic:  7/17       EV: 13    Int: 21    God:
Gold:   144        SH:  0    Dex: 15    Spells: 4 memorised, 3 levels left

rFire  x . .     SeeInvis .     (no weapon)
rCold  + . .     Clarity  .     a - +0 robe
rNeg   . . .     SustAb   .     (no shield)
rPois  .         Gourm    .     (no helmet)
rElec  .         Spirit   .     (no cloak)
rCorr  .         Warding  .     (no gloves)
rMut   .         Stasis   .     (no boots)
MR     .....                    (no amulet)
Stlth  ++........               (no ring)
                                d - ring of ice

@: lethally poisoned (0 -> -4), not resistant to hostile enchantments,
unstealthy
A: no striking features
a: no special abilities


You were on level 3 of the Dungeon.
You were very full.

You visited 1 branch of the dungeon, and saw 3 of its levels.

You collected 144 gold pieces.

Inventory:

Armour
 a - a +0 robe (worn)
Jewellery
 d - a ring of ice (left hand)
Scrolls
 b - a scroll of remove curse
Potions
 e - a potion of haste
Books
 c - a book of Conjurations

   Spells                             Type                      Level
   a - Magic Dart                     Conjuration                  1
   b - Searing Ray                    Conjuration                  2
   c - Dazzling Spray                 Conjuration/Hexes            3
   d - Fulminant Prism                Conjuration/Hexes            4
   e - Iskenderun's Mystic Blast      Conjuration                  4
   f - Iskenderun's Battlesphere      Conjuration/Charms           5
Comestibles
 f - 4 fruits


   Skills:
 + Level 2.7 Dodging
 + Level 2.6 Stealth
 * Level 5.0 Spellcasting
 + Level 5.8 Conjurations


You had 3 spell levels left.
You knew the following spells:

 Your Spells              Type           Power        Failure   Level  Hunger
a - Magic Dart            Conj           ####         1%          1    None
b - Searing Ray           Conj           ####..       1%          2    None
c - Dazzling Spray        Conj/Hex       ###.....     12%         3    ##.....
d - Fulminant Prism       Conj/Hex       ###.......   34%         4    ####...


Dungeon Overview and Level Annotations

Branches:
Dungeon (3/15)

Altars:
Ashenzari
Okawaru
Trog

Annotations:
D:3 poirepourri's ghost, average DrBe


Message History

You feel sick.
Things that are here:
a whip of venom; a chain mail; an orc corpse
* * * LOW HITPOINT WARNING * * *
You feel sick.
* * * LOW HITPOINT WARNING * * *
You feel sick.
Things that are here:
a whip of venom; a chain mail; an orc corpse You see here a scroll of remove curse.
b - a scroll of remove curse
* * * LOW HITPOINT WARNING * * *
You feel sick.
Things that are here:
a whip of venom; a chain mail; an orc corpse Read which item? (? for menu, Esc to quit)
Okay, then.
* * * LOW HITPOINT WARNING * * *
You feel sick.
You die...

#.####..#########
....<.....#
#.######.###### #.##...
#.##.## #.#...# #..###.#
############..# .#
#.......)..@..###.#####
#.###########.........(.
#.#....#### #.####.# #(#
.# #.# #.# #.. ###


There were no monsters in sight!

Vanquished Creatures
  6 adders
  A worm (D:3)
  3 giant geckos (D:2)
  2 oozes
  4 orcs (D:3)
  2 giant cockroaches
  7 goblins
  7 hobgoblins
  3 jackals (D:1)
  4 quokkas
  4 ball pythons
  5 bats
  6 giant newts
  6 kobolds
  5 rats
65 creatures vanquished.

Notes
Turn   | Place    | Note
--------------------------------------------------------------
     0 | D:1      | poirepourri, the Deep Elf Conjurer, began the quest for the Orb.
     0 | D:1      | Reached XP level 1. HP: 10/10 MP: 5/5
   143 | D:1      | Reached XP level 2. HP: 15/15 MP: 1/8
   515 | D:1      | Reached skill level 5 in Conjurations
   976 | D:2      | Found a shattered altar of Ashenzari.
  1095 | D:2      | Reached XP level 3. HP: 19/19 MP: 1/11
  2009 | D:2      | Reached XP level 4. HP: 24/24 MP: 10/15
  2797 | D:3      | Found an iron altar of Okawaru.
  2827 | D:3      | Found a bloodstained altar of Trog.
  3104 | D:3      | Reached skill level 5 in Spellcasting
  3154 | D:3      | Learned a level 2 spell: Searing Ray
  3158 | D:3      | Learned a level 3 spell: Dazzling Spray
  3163 | D:3      | Learned a level 4 spell: Fulminant Prism
  3204 | D:3      | Noticed poirepourri's ghost (average DrBe)
  3241 | D:3      | HP: 1/24 [poisoned by an orc]
  3244 | D:3      | Succumbed to an orc's poison

Action                   |  1- 3 |  4- 6 || total
-------------------------+-------+-------++-------
 Cast: Magic Dart        |    75 |    69 ||   144
       Searing Ray       |       |     1 ||     1
  Use: Scroll            |     4 |     1 ||     5
       Potion            |     3 |       ||     3
  Eat: Bread ration      |     1 |     2 ||     3
